 Dungeon Crawl Stone Soup version 0.31-a0-177-g4aa6249778 (webtiles) character file.

Game seed: 830609653722768575

142 qw the Shooter (level 5, -1/49 HPs)
             Began as a Naga Hunter on June 18, 2023.
             Slain by a gnoll
             ... wielding a +0 halberd
             ... led by a gnoll sergeant
              (9 damage)
             ... on level 3 of the Dungeon.
             The game lasted 00:00:55 (2528 turns).

qw the Shooter (Naga Hunter)                        Turns: 2528, Time: 00:00:55

Health: -1/49      AC:  9    Str: 13    XL:     5   Next: 24%
Magic:  0/5        EV:  7    Int: 10    God:
Gold:   58         SH:  4    Dex: 16    Spells: 4/4 levels left

rFire   . . .        Y - +1 shortbow
rCold   + . .        (shield currently unavailable)
rNeg    . . .        c - +0 leather armour
rPois   +            (no helmet)
rElec   .            (no cloak)
rCorr   .            (no gloves)
SInv    +            g - +2 barding
Will    .....        f - amulet of guardian spirit
Stlth   ++           (no ring)
HPRegen 0.28/turn    (no ring)
MPRegen 0.09/turn

%: guardian spirit
@: short of breath, very slow
A: AC +1, large, see invisible, deformed body, poison resistance, slowness 2,
spit poison 1, naga tail 1, large bone plates 1, cold resistance 1, screaming 1
a: Spit Poison


You were on level 3 of the Dungeon.
You visited 1 branch of the dungeon, and saw 3 of its levels.

You collected 58 gold pieces.


Innate Abilities, Weirdness & Mutations

Your serpentine skin is tough. (AC +1)
You have supernaturally acute eyesight. (SInv)
Armour fits poorly on your strangely shaped body.
Your system is resistant to poisons. (rPois)
You cover ground very slowly.
You can spit poison.
You have a snake-like lower body.
You are partially covered in large bone plates. (SH +4)
Your flesh is cold resistant. (rC+)
You occasionally shout uncontrollably at your foes.


   Skills:
 - Level 3.6 Fighting
 - Level 5.0 Ranged Weapons
 + Level 0.0 Armour
 - Level 1.5 Dodging
 - Level 1.5 Stealth


You had 4 spell levels left.
You didn't know any spells.
Your spell library was empty.

Inventory:

Hand Weapons
 Y - a +1 shortbow (weapon)
Armour
 c - a +0 leather armour (worn)
 g - a +2 barding (worn)
Jewellery
 f - an amulet of guardian spirit (around neck)
Scrolls
 a - a scroll of identify
Potions
 d - 2 potions of mutation
 i - a potion of curing

Dungeon Overview and Level Annotations

Branches:
Dungeon (3/15)

Altars:

Shops:
D:1 *

Annotations:
D:2 1 runed translucent door, Crazy Yiuf


Message History

2519 ||| INVOKING Spit Poison.
Aiming: Spit Poison (1% risk of failure)
Press: ? - help, Shift-Dir - straight line, f - gnoll sergeant The splash of poison hits the gnoll sergeant but does no damage.
The gnoll sergeant is severely wounded.
You shoot an arrow.
The arrow closely misses the gnoll sergeant.
The gnoll sergeant hits you from afar with a +2 heavy spear.
You shoot an arrow. The arrow hits the gnoll sergeant.
The gnoll sergeant is almost dead.
You have got your breath back.
The gnoll closely misses you.
The gnoll sergeant hits you from afar with a +2 heavy spear.
2522 ||| INVOKING Spit Poison.
Aiming: Spit Poison (1% risk of failure)
Press: ? - help, Shift-Dir - straight line, f/p - gnoll sergeant The splash of poison hits the gnoll sergeant.
The gnoll sergeant is poisoned.
You kill the gnoll sergeant!
The gnoll hits you from afar with a +0 halberd!
Your Fighting skill increases to level 3!
You have reached level 5!
You shoot an arrow. The arrow barely misses the gnoll.
The gnoll hits you from afar with a +0 halberd!
You shoot an arrow. The arrow barely misses the gnoll.
The gnoll hits you from afar with a +0 halberd!
You shoot an arrow. The arrow barely misses the gnoll.
The gnoll hits you from afar with a +0 halberd.
You shoot an arrow. The arrow barely misses the gnoll.
You have got your breath back.
You block the gnoll's attack.
2527 ||| INVOKING Spit Poison.
Aiming: Spit Poison (1% risk of failure)
Press: ? - help, Shift-Dir - straight line, f/p - gnoll The splash of poison hits the gnoll.
The gnoll is poisoned.
The gnoll is moderately wounded.
The gnoll hits you from afar with a +0 halberd!
You shoot an arrow. The arrow barely misses the gnoll.
The gnoll hits you from afar with a +0 halberd!
You die...

.##
....#######
#.........#
.....g.@..#
.#........#
#..<....)#
#..........
######+#....
....# ....+
....#


You could see a gnoll (poisoned).

Vanquished Creatures
  A gnoll sergeant (D:3)
  An adder (D:2)
  4 gnolls
  2 dart slugs (D:2)
  2 ball pythons (D:2)
  4 endoplasms
  3 goblins
  3 hobgoblins (D:1)
  2 bats
  2 frilled lizards
  3 kobolds (D:1)
  6 rats
33 creatures vanquished.

Notes
Turn   | Place    | Note
-------+----------+-------------------------------------------
     0 | D:1      | qw the Naga Hunter began the quest for the Orb.
     0 | D:1      | Reached XP level 1. HP: 19/19 MP: 1/1
     0 | D:1      | 0 ||| qw: Version: 0.3-a-7-ge0c9b40
     0 | D:1      | 0 ||| qw: Game counter: 858
     0 | D:1      | 0 ||| qw: Always use a shield: true
     0 | D:1      | 0 ||| qw: God list: Okawaru
     0 | D:1      | 0 ||| qw: Allow faded altars: false
     0 | D:1      | 0 ||| qw: Do Orc after D:15 true
     0 | D:1      | 0 ||| qw: Do second Lair branch before Depths: true
     0 | D:1      | 0 ||| qw: Lair rune preference: random
     0 | D:1      | 0 ||| qw: Plans: Normal
     0 | D:1      | 0 ||| PLANNING D:1-11
     7 | D:1      | 7 ||| INVOKING Spit Poison.
    12 | D:1      | 12 ||| INVOKING Spit Poison.
    41 | D:1      | 41 ||| INVOKING Spit Poison.
    56 | D:1      | 56 ||| INVOKING Spit Poison.
    76 | D:1      | 76 ||| INVOKING Spit Poison.
   107 | D:1      | Reached skill level 4 in Ranged Weapons
   107 | D:1      | Reached XP level 2. HP: 26/26 MP: 2/2
   149 | D:1      | Found a faded altar of an unknown god.
   229 | D:1      | 229 ||| INVOKING Spit Poison.
   266 | D:1      | 266 ||| INVOKING Spit Poison.
   291 | D:1      | 291 ||| INVOKING Spit Poison.
   295 | D:1      | Found Itefeili's General Store.
   303 | D:1      | 303 ||| SHOPLISTING +4 ring of protection (504 gold, have
                  | 22).
   303 | D:1      | 303 ||| SHOPLISTING potion of curing (42 gold, have 22).
   303 | D:1      | 303 ||| SHOPLISTING scroll of identify (28 gold, have 22).
   408 | D:1      | You fall into a shaft and drop 1 floor!
   432 | D:2      | 432 ||| UPGRADING to +2 barding.
   437 | D:2      | 437 ||| UPGRADING to amulet of guardian spirit.
   442 | D:2      | 442 ||| READING scroll labelled UFILYAC ZELEA.
   443 | D:2      | 443 ||| DROPPING scroll of butterflies.
   454 | D:1      | 454 ||| INVOKING Spit Poison.
   524 | D:1      | 524 ||| INVOKING Spit Poison.
   539 | D:1      | 539 ||| INVOKING Spit Poison.
   540 | D:1      | 540 ||| INVOKING Spit Poison.
   698 | D:1      | 698 ||| INVOKING Spit Poison.
   786 | D:1      | 786 ||| DROPPING ring of flight.
   787 | D:1      | 787 ||| READING 2 scrolls labelled MONIDO GIRILAA.
   788 | D:1      | 788 ||| READING scroll labelled TEMPUR SOMU.
   789 | D:1      | 789 ||| READING scroll labelled JAF TIHYIDOSK.
   873 | D:2      | 873 ||| INVOKING Spit Poison.
   880 | D:2      | 880 ||| INVOKING Spit Poison.
   904 | D:2      | 904 ||| INVOKING Spit Poison.
   908 | D:2      | 908 ||| INVOKING Spit Poison.
   913 | D:2      | Reached XP level 3. HP: 32/32 MP: 3/3
   940 | D:2      | 940 ||| INVOKING Spit Poison.
   999 | D:2      | 999 ||| INVOKING Spit Poison.
  1275 | D:2      | Found a runed translucent door.
  1276 | D:2      | Noticed Crazy Yiuf
  1279 | D:2      | 1279 ||| READING scroll labelled HUZUFR VUWKIHI.
  1280 | D:2      | 1280 ||| READING scroll labelled ATRUOL YSTAH.
  1281 | D:2      | 1281 ||| READING scroll labelled AKEAFA FAIVAI.
  1282 | D:2      | 1282 ||| DRINKING 3 orange potions.
  1282 | D:2      | Gained mutation: You occasionally shout uncontrollably at
                  | your foes. [potion of mutation]
  1282 | D:2      | Gained mutation: Your flesh is cold resistant. (rC+)
                  | [potion of mutation]
  1282 | D:2      | Gained mutation: You are partially covered in large bone
                  | plates. (SH +4) [potion of mutation]
  1283 | D:2      | 1283 ||| DRINKING 2 puce potions.
  1310 | D:2      | 1310 ||| READING 2 scrolls of identify.
  1310 | D:2      | 1310 ||| IDENTIFYING fuming golden potion
  1311 | D:2      | 1311 ||| DROPPING potion of lignification.
  1413 | D:3      | Noticed a gnoll sergeant
  1414 | D:3      | 1414 ||| INVOKING Spit Poison.
  1416 | D:3      | 1416 ||| STAIRDANCE
  1420 | D:2      | 1420 ||| INVOKING Spit Poison.
  1423 | D:2      | HP: 8/32 [gnoll/+0 club[a gnoll sergeant] (1)]
  1424 | D:2      | 1424 ||| INVOKING Spit Poison.
  1427 | D:2      | 1427 ||| INVOKING Spit Poison.
  1428 | D:2      | Reached skill level 5 in Ranged Weapons
  1428 | D:2      | Reached XP level 4. HP: 11/39 MP: 1/4
  1535 | D:3      | 1535 ||| STAIRDANCE
  1584 | D:3      | 1584 ||| STAIRDANCE
  1586 | D:2      | 1586 ||| INVOKING Spit Poison.
  1602 | D:3      | 1602 ||| STAIRDANCE
  1658 | D:3      | 1658 ||| STAIRDANCE
  1761 | D:3      | 1761 ||| INVOKING Spit Poison.
  1765 | D:3      | 1765 ||| STAIRDANCE
  1806 | D:3      | 1806 ||| INVOKING Spit Poison.
  1809 | D:3      | 1809 ||| STAIRDANCE
  1870 | D:3      | 1870 ||| INVOKING Spit Poison.
  1872 | D:3      | 1872 ||| STAIRDANCE
  1892 | D:3      | 1892 ||| INVOKING Spit Poison.
  1895 | D:3      | 1895 ||| STAIRDANCE
  1933 | D:3      | 1933 ||| STAIRDANCE
  1962 | D:3      | 1962 ||| STAIRDANCE
  1981 | D:3      | 1981 ||| INVOKING Spit Poison.
  1982 | D:3      | 1982 ||| STAIRDANCE
  2057 | D:3      | 2057 ||| STAIRDANCE
  2106 | D:3      | 2106 ||| INVOKING Spit Poison.
  2109 | D:3      | 2109 ||| STAIRDANCE
  2173 | D:3      | 2173 ||| INVOKING Spit Poison.
  2177 | D:3      | 2177 ||| STAIRDANCE
  2276 | D:3      | 2276 ||| INVOKING Spit Poison.
  2279 | D:3      | 2279 ||| STAIRDANCE
  2301 | D:3      | 2301 ||| INVOKING Spit Poison.
  2305 | D:3      | 2305 ||| STAIRDANCE
  2365 | D:3      | 2365 ||| INVOKING Spit Poison.
  2367 | D:3      | 2367 ||| STAIRDANCE
  2406 | D:3      | 2406 ||| INVOKING Spit Poison.
  2409 | D:3      | 2409 ||| STAIRDANCE
  2478 | D:3      | 2478 ||| INVOKING Spit Poison.
  2481 | D:3      | 2481 ||| INVOKING Spit Poison.
  2483 | D:3      | 2483 ||| STAIRDANCE
  2519 | D:3      | 2519 ||| INVOKING Spit Poison.
  2522 | D:3      | 2522 ||| INVOKING Spit Poison.
  2522 | D:3      | Killed a gnoll sergeant
  2523 | D:3      | Reached skill level 3 in Fighting
  2523 | D:3      | Reached XP level 5. HP: 39/49 MP: 3/5
  2527 | D:3      | 2527 ||| INVOKING Spit Poison.
  2527 | D:3      | HP: 7/49 [gnoll/+0 halberd[a gnoll sergeant] (10)]
  2528 | D:3      | Slain by a gnoll

Levels and vault maps discovered:
D:1:      reono_arrival_mine, layout_basic, serial_shops, shop,
          hellmonk_ecumenical_altar_run_dry
D:2:      layout_basic, uniq_crazy_yiuf_cottage
D:3:      layout_basic, gammafunk_ghost_split, kennysheep_orc_chapel

Skill      XL: |  1  2  3  4 |
---------------+-------------+-----
Ranged Weapons | 4 5 |  5.0
Fighting       | 3 |  3.6
Dodging        | |  1.5
Stealth        | |  1.5

Action                     |  1- 3 |  4- 6 || total
---------------------------+-------+-------++-------
   Fire: Shortbow          |    49 |    32 ||    81
Ability: Spit Poison       |    22 |    17 ||    39
    Use: Scroll            |     8 |       ||     8
         Potion            |     2 |       ||     2
 Armour: Leather armour    |     6 |     6 ||    12
  Dodge: Dodged            |    17 |    18 ||    35
  Block: Other             |     3 |     6 ||     9

Table legend:
 A = Non-vault XP
 B = Vault XP
 C = Vault XP percentage of total XP
 D = Non-vault monster count
 E = Vault monster count
 F = Vault count percentage of total count
                 A         B        C        D         E       F
            +---------+---------+-------+---------+---------+-------
      Total |     203 |       0 |   0.0 |      33 |       0 |   0.0
            +---------+---------+-------+---------+---------+-------
        D:1 |      23 |       0 |   0.0 |      15 |       0 |   0.0
        D:2 |      82 |       0 |   0.0 |      16 |       0 |   0.0
        D:3 |      98 |       0 |   0.0 |       2 |       0 |   0.0
            +---------+---------+-------+---------+---------+-------
